[ AOE2 MATCH · #495321931 ]
UnrankedBulgarians vs Hindustanis
Player's team · LOSS
[ REPLAY ANALYSIS · EXTRACTED FROM THE RECORDED GAME ]
Feudal
8:51
Castle
—
Imperial
—
| APM avg | 58.2 |
| APM peak | 103 |
| eAPM avg | 26.4 |
| Villagers / military | 57 / 20 |
Focus
⚔️ 54.5% · 🌾 45.5%
Spearman ×11 · Militia ×7 · Skirmisher ×2
Feudal
8:27
Castle
22:40
Imperial
—
| APM avg | 74.2 |
| APM peak | 113 |
| eAPM avg | 27.1 |
| Villagers / military | 54 / 31 |
Focus
⚔️ 37.3% · 🌾 62.7%
Skirmisher ×13 · Camel Scout ×7 · Scout Cavalry ×6 · Cavalry Archer ×4 · Spearman ×1
Match map
Initial resources + every placement click. Lines = walls · curves = elevation contours. ◆ gold · ⬟ stone · ● berries · ✦ relic · ◌ wall gap
Your base· ✓ Closed at 21:36 · 89t walls · 1 gate(s)
juligrancella's base· Open — opponent sealed themselves in
Smoothed initial terrain · ◌ = detected wall gap · hover for details
Inputs per minute
— thankyou9527 - - juligrancella
Build order — thankyou9527
First 150 of 161 actions detected
| 0:00 | Create | Villager (Male) |
| 0:01 | Create | Villager (Male) |
| 0:01 | Create | Villager (Male) |
| 0:01 | Create | Villager (Male) |
| 0:02 | Build | House |
| 0:04 | Build | House |
| 1:29 | Create | Villager (Male) |
| 1:29 | Create | Villager (Male) |
| 1:55 | Create | Villager (Male) |
| 1:55 | Create | Villager (Male) |
| 2:30 | Create | Villager (Male) |
| 2:30 | Create | Villager (Male) |
| 2:48 | Build | Lumber Camp |
| 2:54 | Create | Villager (Male) |
| 2:54 | Create | Villager (Male) |
| 2:55 | Create | Villager (Male) |
| 3:03 | Build | House |
| 3:36 | Create | Villager (Male) |
| 3:36 | Create | Villager (Male) |
| 3:36 | Create | Villager (Male) |
| 4:01 | Create | Villager (Male) |
| 4:02 | Create | Villager (Male) |
| 4:36 | Create | Villager (Male) |
| 4:36 | Create | Villager (Male) |
| 4:37 | Create | Villager (Male) |
| 5:21 | Create | Villager (Male) |
| 5:32 | Research | Loom |
| 5:57 | Build | Barracks |
| 6:39 | Research | Feudal Age |
| 6:39 | Research | Feudal Age |
| 6:40 | Research | Feudal Age |
| 6:40 | Research | Feudal Age |
| 7:13 | Create | Villager (Male) |
| 7:18 | Create | Militia |
| 7:18 | Create | Militia |
| 7:26 | Create | Militia |
| 7:26 | Create | Militia |
| 7:26 | Create | Militia |
| 7:35 | Build | Mining Camp |
| 7:45 | Build | House |
| 7:58 | Create | Militia |
| 7:58 | Create | Militia |
| 8:23 | Build | Mill |
| 8:51 | Age | Feudal Age |
| 8:53 | Create | Villager (Male) |
| 8:54 | Create | Spearman |
| 8:59 | Build | House |
| 9:02 | Build | Palisade Wall |
| 9:03 | Build | Palisade Wall |
| 9:04 | Build | Palisade Wall |
| 9:05 | Build | Palisade Wall |
| 9:05 | Build | Palisade Wall |
| 9:09 | Build | House |
| 9:17 | Create | Spearman |
| 9:24 | Create | Villager (Male) |
| 9:34 | Create | Villager (Male) |
| 10:04 | Create | Villager (Male) |
| 10:06 | Create | Spearman |
| 10:09 | Create | Villager (Male) |
| 10:15 | Build | Palisade Wall |
| 10:19 | Build | Farm |
| 10:27 | Create | Villager (Male) |
| 10:52 | Build | Watch Tower |
| 10:57 | Create | Villager (Male) |
| 11:14 | Create | Villager (Male) |
| 11:26 | Build | Palisade Wall |
| 11:28 | Build | Palisade Wall |
| 11:30 | Create | Spearman |
| 11:32 | Build | Palisade Wall |
| 11:40 | Create | Villager (Male) |
| 12:00 | Build | Palisade Wall |
| 12:03 | Build | Palisade Wall |
| 12:05 | Build | Palisade Wall |
| 12:11 | Create | Villager (Male) |
| 12:13 | Create | Spearman |
| 12:27 | Create | Villager (Male) |
| 12:48 | Build | House |
| 12:54 | Create | Villager (Male) |
| 13:00 | Build | Palisade Gate |
| 13:03 | Build | Farm |
| 13:03 | Build | Farm |
| 13:03 | Build | Farm |
| 13:04 | Build | Farm |
| 13:08 | Build | Palisade Wall |
| 13:19 | Create | Villager (Male) |
| 13:31 | Create | Villager (Male) |
| 13:41 | Build | Palisade Wall |
| 13:48 | Build | House |
| 13:51 | Build | Palisade Wall |
| 13:52 | Build | Palisade Wall |
| 13:54 | Build | Palisade Wall |
| 13:56 | Build | Palisade Wall |
| 13:58 | Build | Palisade Wall |
| 14:00 | Build | Palisade Wall |
| 14:17 | Create | Villager (Male) |
| 14:34 | Create | Villager (Male) |
| 14:38 | Build | Farm |
| 15:13 | Create | Villager (Male) |
| 15:18 | Build | House |
| 15:32 | Build | House |
| 15:41 | Build | Farm |
| 15:46 | Build | Farm |
| 15:46 | Build | Farm |
| 15:49 | Create | Spearman |
| 16:34 | Create | Villager (Male) |
| 16:35 | Create | Villager (Male) |
| 16:38 | Build | Palisade Wall |
| 16:53 | Build | House |
| 17:00 | Build | House |
| 17:18 | Create | Villager (Male) |
| 17:20 | Build | Farm |
| 17:31 | Build | Palisade Wall |
| 17:32 | Build | Palisade Wall |
| 17:45 | Create | Spearman |
| 17:46 | Create | Villager (Male) |
| 17:52 | Build | House |
| 18:06 | Build | Palisade Wall |
| 18:11 | Create | Villager (Male) |
| 18:31 | Build | Farm |
| 18:33 | Build | Farm |
| 18:38 | Build | Farm |
| 18:39 | Build | Farm |
| 18:41 | Build | Farm |
| 18:54 | Build | Mining Camp |
| 18:59 | Create | Villager (Male) |
| 19:04 | Build | Farm |
| 19:23 | Create | Villager (Male) |
| 19:35 | Build | Market |
| 19:40 | Build | House |
| 19:50 | Create | Villager (Male) |
| 20:07 | Build | Archery Range |
| 20:18 | Build | Farm |
| 20:36 | Create | Villager (Male) |
| 20:54 | Build | Palisade Wall |
| 20:55 | Build | Palisade Wall |
| 21:03 | Build | Mining Camp |
| 21:13 | Build | Blacksmith |
| 21:18 | Build | House |
| 21:22 | Build | Palisade Wall |
| 21:25 | Create | Villager (Male) |
| 21:36 | Research | Castle Age |
| 21:36 | Research | Castle Age |
| 21:42 | Build | Archery Range |
| 21:52 | Build | House |
| 22:11 | Build | Palisade Wall |
| 22:43 | Build | Mining Camp |
| 22:47 | Create | Villager (Male) |
| 22:56 | Create | Skirmisher |
| 23:04 | Create | Villager (Male) |
| 23:18 | Create | Villager (Male) |
Build order — juligrancella
149 actions detected in the replay
| 0:01 | Create | Villager (Male) |
| 0:01 | Create | Villager (Male) |
| 0:01 | Create | Villager (Male) |
| 0:02 | Build | House |
| 0:04 | Build | House |
| 0:13 | Create | Villager (Male) |
| 0:13 | Create | Villager (Male) |
| 1:11 | Create | Villager (Male) |
| 1:31 | Create | Villager (Male) |
| 1:31 | Create | Villager (Male) |
| 1:54 | Build | Lumber Camp |
| 1:55 | Create | Villager (Male) |
| 1:55 | Create | Villager (Male) |
| 2:26 | Create | Villager (Male) |
| 2:27 | Create | Villager (Male) |
| 2:40 | Build | House |
| 2:42 | Build | House |
| 2:46 | Build | Palisade Wall |
| 2:52 | Create | Villager (Male) |
| 2:52 | Create | Villager (Male) |
| 3:09 | Create | Villager (Male) |
| 3:09 | Create | Villager (Male) |
| 3:40 | Create | Villager (Male) |
| 3:41 | Create | Villager (Male) |
| 3:56 | Create | Villager (Male) |
| 3:56 | Create | Villager (Male) |
| 4:07 | Create | Villager (Male) |
| 4:07 | Create | Villager (Male) |
| 4:17 | Create | Villager (Male) |
| 4:17 | Create | Villager (Male) |
| 4:52 | Create | Villager (Male) |
| 5:18 | Build | Mill |
| 5:41 | Research | Loom |
| 6:17 | Research | Feudal Age |
| 7:26 | Create | Villager (Male) |
| 7:33 | Build | Barracks |
| 7:46 | Create | Villager (Male) |
| 8:18 | Create | Villager (Male) |
| 8:21 | Build | House |
| 8:27 | Age | Feudal Age |
| 8:30 | Build | Stable |
| 8:39 | Build | House |
| 8:40 | Build | House |
| 8:44 | Create | Villager (Male) |
| 8:58 | Create | Villager (Male) |
| 9:03 | Create | Spearman |
| 9:24 | Build | House |
| 9:41 | Create | Scout Cavalry |
| 9:41 | Create | Scout Cavalry |
| 9:49 | Build | House |
| 9:52 | Build | Palisade Wall |
| 9:56 | Build | House |
| 10:01 | Build | Palisade Gate |
| 10:07 | Build | House |
| 10:12 | Create | Scout Cavalry |
| 10:21 | Build | House |
| 10:22 | Build | Palisade Wall |
| 10:23 | Create | Villager (Male) |
| 10:24 | Create | Scout Cavalry |
| 10:46 | Build | Archery Range |
| 11:03 | Build | Farm |
| 11:04 | Create | Villager (Male) |
| 11:04 | Create | Villager (Male) |
| 11:27 | Build | Farm |
| 11:29 | Build | Farm |
| 11:55 | Build | Watch Tower |
| 12:01 | Create | Scout Cavalry |
| 12:10 | Create | Skirmisher |
| 12:11 | Create | Skirmisher |
| 12:11 | Create | Skirmisher |
| 12:16 | Create | Villager (Male) |
| 12:16 | Create | Villager (Male) |
| 12:49 | Build | Farm |
| 12:50 | Create | Villager (Male) |
| 13:01 | Create | Villager (Male) |
| 13:04 | Build | Farm |
| 13:07 | Build | Farm |
| 13:13 | Create | Skirmisher |
| 13:27 | Create | Skirmisher |
| 13:27 | Create | Skirmisher |
| 13:30 | Create | Villager (Male) |
| 13:59 | Create | Skirmisher |
| 14:10 | Create | Skirmisher |
| 14:12 | Create | Villager (Male) |
| 14:12 | Create | Villager (Male) |
| 14:32 | Create | Skirmisher |
| 14:33 | Create | Villager (Male) |
| 14:33 | Create | Villager (Male) |
| 15:05 | Create | Villager (Male) |
| 15:07 | Build | Farm |
| 15:08 | Build | Farm |
| 15:10 | Build | Farm |
| 15:10 | Build | Farm |
| 15:22 | Create | Skirmisher |
| 15:24 | Create | Villager (Male) |
| 15:25 | Build | Farm |
| 15:29 | Create | Villager (Male) |
| 15:36 | Build | Blacksmith |
| 15:44 | Create | Skirmisher |
| 16:09 | Create | Skirmisher |
| 16:12 | Build | House |
| 16:28 | Create | Skirmisher |
| 16:30 | Research | Fletching |
| 16:30 | Research | Fletching |
| 16:53 | Build | House |
| 16:54 | Build | House |
| 17:01 | Build | Farm |
| 17:02 | Build | Farm |
| 17:08 | Create | Villager (Male) |
| 17:08 | Create | Villager (Male) |
| 18:13 | Create | Villager (Male) |
| 18:14 | Create | Villager (Male) |
| 18:19 | Build | Mining Camp |
| 18:29 | Build | Lumber Camp |
| 18:32 | Build | Farm |
| 18:33 | Build | Farm |
| 18:49 | Research | Gold Mining |
| 18:52 | Create | Villager (Male) |
| 19:35 | Create | Villager (Male) |
| 19:54 | Research | Castle Age |
| 19:54 | Research | Castle Age |
| 20:01 | Build | Stable |
| 20:08 | Create | Scout Cavalry |
| 20:26 | Research | Scale Barding Armor |
| 20:38 | Build | Farm |
| 20:38 | Build | Farm |
| 20:39 | Build | Farm |
| 20:39 | Build | Farm |
| 20:39 | Build | Farm |
| 20:41 | Research | Horse Collar |
| 22:33 | Build | Farm |
| 22:35 | Research | Double-Bit Axe |
| 22:40 | Age | Castle Age |
| 22:44 | Create | Camel Scout |
| 22:44 | Create | Camel Scout |
| 22:45 | Create | Camel Scout |
| 22:45 | Create | Camel Scout |
| 22:47 | Create | Villager (Male) |
| 22:47 | Create | Villager (Male) |
| 22:47 | Create | Villager (Male) |
| 22:51 | Research | Forging |
| 23:13 | Create | Camel Scout |
| 23:15 | Create | Camel Scout |
| 23:15 | Create | Camel Scout |
| 23:25 | Create | Cavalry Archer |
| 23:25 | Create | Cavalry Archer |
| 23:33 | Create | Cavalry Archer |
| 23:42 | Create | Cavalry Archer |
| 23:51 | Build | Farm |
Match timeline
| 2:46 | juligrancella · wall_segment Palisade Wall x1 |
| 5:57 | thankyou9527 · first_building Barracks |
| 7:33 | juligrancella · first_building Barracks |
| 8:27 | juligrancella · age_up feudal |
| 8:30 | juligrancella · first_building Stable |
| 8:51 | thankyou9527 · age_up feudal |
| 9:02 | thankyou9527 · wall_segment Palisade Wall x1 |
| 9:03 | thankyou9527 · wall_segment Palisade Wall x1 |
| 9:04 | thankyou9527 · wall_segment Palisade Wall x1 |
| 9:05 | thankyou9527 · wall_segment Palisade Wall x1 |
| 9:05 | thankyou9527 · wall_segment Palisade Wall x1 |
| 9:52 | juligrancella · wall_segment Palisade Wall x1 |
| 10:15 | thankyou9527 · wall_segment Palisade Wall x8 |
| 10:22 | juligrancella · wall_segment Palisade Wall x1 |
| 10:46 | juligrancella · first_building Archery Range |
| 11:26 | thankyou9527 · wall_segment Palisade Wall x10 |
| 11:28 | thankyou9527 · wall_segment Palisade Wall x7 |
| 11:32 | thankyou9527 · wall_segment Palisade Wall x8 |
| 12:00 | thankyou9527 · wall_segment Palisade Wall x1 |
| 12:03 | thankyou9527 · wall_segment Palisade Wall x1 |
| 12:05 | thankyou9527 · wall_segment Palisade Wall x1 |
| 13:08 | thankyou9527 · wall_segment Palisade Wall x11 |
| 13:41 | thankyou9527 · wall_segment Palisade Wall x25 |
| 13:51 | thankyou9527 · wall_segment Palisade Wall x1 |
| 13:52 | thankyou9527 · wall_segment Palisade Wall x1 |
| 13:54 | thankyou9527 · wall_segment Palisade Wall x1 |
| 13:56 | thankyou9527 · wall_segment Palisade Wall x1 |
| 13:58 | thankyou9527 · wall_segment Palisade Wall x1 |
| 14:00 | thankyou9527 · wall_segment Palisade Wall x1 |
| 16:38 | thankyou9527 · wall_segment Palisade Wall x1 |
| 17:31 | thankyou9527 · wall_segment Palisade Wall x1 |
| 17:32 | thankyou9527 · wall_segment Palisade Wall x1 |
| 18:06 | thankyou9527 · wall_segment Palisade Wall x1 |
| 20:07 | thankyou9527 · first_building Archery Range |
| 20:54 | thankyou9527 · wall_segment Palisade Wall x1 |
| 20:55 | thankyou9527 · wall_segment Palisade Wall x1 |
| 21:22 | thankyou9527 · wall_segment Palisade Wall x1 |
| 22:11 | thankyou9527 · wall_segment Palisade Wall x1 |
| 22:40 | juligrancella · age_up castle |
| 23:23 | thankyou9527 · wall_segment Palisade Wall x1 |
| 24:30 | thankyou9527 · resign |
[ AI ANALYSIS · 1 CREDIT ]
What really happened in this match?
Wolo.gg analyzes every decision: build order, eco, micro, common mistakes by bracket. Personalized analysis on WhatsApp or Discord in 30 seconds.
Civ guide
Bulgarians
Perfil
thankyou9527